 Dungeon Crawl Stone Soup version 0.30.1-8-g117510f58f (webtiles) character file.

Game seed: 15631064006734107769

84 Norrock the Digger (level 4, -1/33 HPs)
             Began as a Demigod Earth Elementalist on July 16, 2023.
             Slain by a scorpion (3 damage)
             ... on level 4 of the Dungeon on Sept 24, 2023.
             The game lasted 00:22:26 (2317 turns).

Norrock the Digger (Demigod Earth Elementalist)     Turns: 2317, Time: 00:22:26

Health: -1/33      AC:  2    Str:  9    XL:     4   Next: 3%
Magic:  17/19      EV: 12    Int: 21    God:
Gold:   280        SH:  0    Dex: 14    Spells: 2/8 levels left

rFire   . . .        c - +1 spear
rCold   . . .        (no shield)
rNeg    . . .        a - +0 robe
rPois   .            (no helmet)
rElec   .            (no cloak)
rCorr   .            (no gloves)
SInv    +            (no boots)
Will    .....        (no amulet)
Stlth   ++           k - ring of magical power
HPRegen 0.25/turn    i - ring of see invisible
MPRegen 0.16/turn

%: no passive effects
@: lethally poisoned (-1 -> -10)
A: high MP 1, forlorn, divine attributes
a: no special abilities


You were on level 4 of the Dungeon.
You visited 1 branch of the dungeon, and saw 4 of its levels.

You collected 280 gold pieces.

Inventory:

Hand Weapons
 c - a +1 spear (weapon)
Armour
 a - a +0 robe (worn)
Jewellery
 i - a ring of see invisible (right hand)
 k - a ring of magical power (left hand)
Scrolls
 f - a scroll of enchant weapon
Potions
 b - 2 potions of magic
 d - 2 potions of brilliance
 e - a potion of might {unknown}
 g - a potion of heal wounds
 h - a potion of berserk rage {unknown}
 l - a potion of attraction {unknown}


   Skills:
 - Level 1.7 Dodging
 - Level 1.7 Stealth
 + Level 2.5 Spellcasting
 + Level 0.5 Conjurations
 + Level 2.0 Transmutations
 * Level 3.5 Earth Magic


You had 2 spell levels left.
You knew the following spells:

 Your Spells              Type           Power      Damage    Failure   Level
a - Sandblast             Erth           34%        2d9       3%          1
b - Passwall              Tmut/Erth      11%        N/A       7%          2
c - Stone Arrow           Conj/Erth      22%        3d8       19%         3

Your spell library contained the following spells:

 Spells                   Type           Power      Damage    Failure   Level
 Necrotise                Necr           8%         1d4       14%         1
 Vampiric Draining        Necr           2%         2d6       38%         3
 Petrify                  Tmut/Erth      14%        N/A       41%         4
 Agony                    Necr           2%         N/A       98%         5


Dungeon Overview and Level Annotations

Branches:
Dungeon (4/15)
 Temple: D:4-7


Innate Abilities, Weirdness & Mutations

You have an increased reservoir of magic. (+10% MP)
You shall have no god before yourself.
Your divine heritage dramatically boosts your attributes as you level up.


Message History

Casting: Stone Arrow (quite dangerous; 19% risk of failure)
Confirm with . or Enter, or press ? or * to list all spells.
Okay, then.
Sorry, you're not good enough to have a special ability.
You feel much better. The scorpion stings you. The scorpion barely misses you.
You hit the scorpion but do no damage. The scorpion stings you.
You are poisoned.
The scorpion poisons you!
You hit the scorpion.
The scorpion is lightly wounded.
You feel very sick. The scorpion closely misses you.
You barely miss the scorpion.
The scorpion is lightly wounded.
You feel very sick. The scorpion stings you.
You are lethally poisoned!
The scorpion poisons you!
The scorpion stings you but does no damage.
Casting: Stone Arrow (quite dangerous; 19% risk of failure)
Confirm with . or Enter, or press ? or * to list all spells.
Aiming: Sandblast (safe; 3% risk of failure)
Press: ? - help, Shift-Dir - straight line, f - scorpion
Aim: a scorpion (lightly wounded, 82% to hit)
The blast of sand hits the scorpion.
The scorpion is moderately wounded.
* * * LOW HITPOINT WARNING * * *
You feel very sick. The scorpion misses you.
Casting: Sandblast (safe; 3% risk of failure)
Confirm with . or Enter, or press ? or * to list all spells.
Aiming: Sandblast (safe; 3% risk of failure)
Press: ? - help, Shift-Dir - straight line, f/p - scorpion
Aim: a scorpion (moderately wounded, 82% to hit)
The blast of sand hits the scorpion but does no damage.
The scorpion is moderately wounded.
* * * LOW HITPOINT WARNING * * *
You feel very sick. The scorpion closely misses you. The scorpion stings you.
You die...

#.# #.# #.# ###
##### #.##### #..
..#.. #.....# #.#
#..S. #####.#
#.####..# # #.#
#.##....# ##S#.
#.####o##.#..##!K...
#.)@slgSSg#..#.#
######KBS..B..##
########..# ##..#
#..# #... .##. #


You could see a scorpion, an iguana, an adder, an orc, a giant cockroach, a
hobgoblin, a goblin, 2 ball pythons and a kobold.

Vanquished Creatures
  An adder (D:3)
  2 worms
  An orc (D:3)
  7 ball pythons
  5 endoplasms
  4 giant cockroaches
  4 hobgoblins
  9 jackals
  A quokka (D:2)
  10 bats
  2 frilled lizards (D:2)
  3 goblins
  9 kobolds
  5 rats
63 creatures vanquished.

Notes
Turn   | Place    | Note
-------+----------+-------------------------------------------
     0 | D:1      | Norrock the Demigod Earth Elementalist began the quest for
                  | the Orb.
     0 | D:1      | Reached XP level 1. HP: 14/14 MP: 5/5
     8 | D:1      | Upgraded the game from 0.30.1-1-g62c8e00024 to
                  | 0.30.1-8-g117510f58f
    59 | D:1      | Reached skill level 1 in Transmutations
   137 | D:1      | Reached XP level 2. HP: 20/20 MP: 5/7
   154 | D:1      | Reached skill level 3 in Earth Magic
   157 | D:1      | Learned a level 2 spell: Passwall
   652 | D:2      | Reached XP level 3. HP: 26/26 MP: 6/9
   870 | D:2      | Learned a level 3 spell: Stone Arrow
  1017 | D:2      | You fall into a shaft and drop 2 floors!
  1908 | D:3      | Reached XP level 4. HP: 20/33 MP: 10/10
  2317 | D:4      | Slain by a scorpion

Illustrated notes

Levels and vault maps discovered:
D:1:      lemuel_arrival_room, layout_basic, kennysheep_crisscross
D:2:      layout_basic, shapermc_ecumenical_altar_notcrosses
D:3:      layout_loops_ring, amcnicky_altar_gilded,
          mainiacjoe_overflow_six_doors_small,
          mainiacjoe_overflow_small_starburst
D:4:      layout_loops_cross, chequers_temple_overflow_statue_of_worship,
          minmay_ruined_shrine, uniq_ijyb

Skill      XL: |  1  2  3 |
---------------+----------+-----
Transmutations | 1 2 |  2.0
Spellcasting   | 2 |  2.5
Earth Magic    | 3 |  3.5
Dodging        | |  1.7
Stealth        | |  1.7
Conjurations   | |  0.5

Action                     |  1- 3 |  4- 6 || total
---------------------------+-------+-------++-------
  Melee: Spear             |   123 |    13 ||   136
         Punch             |     1 |     1 ||     2
   Cast: Sandblast         |    51 |     2 ||    53
    Use: Scroll            |     1 |     2 ||     3
         Potion            |     1 |     2 ||     3
   Stab: Sleeping          |     1 |       ||     1
 Armour: Robe              |    24 |     2 ||    26
  Dodge: Dodged            |   111 |    14 ||   125
